AoeStats
← THL

Arabia

508143377Analyzed
1v1 RM · 11d ago on Sep 21, 2026· 38m 58s· 2 players
Game mode
Random Map
Map size
Tiny (2 player)
Population
200
Speed
Normal
Resources
Standard
Victory
Conquest
Starting age
Dark Age
Ending age
Imperial Age
RankedLock teamsTeams togetherTeam positionsShared explorationLock speedFull tech treeHidden civsTurbo modeCheats
Victory
Defeat
🇲🇽 Khitans · Mexico
1859
+11
🇻🇳 Magyars · Vietnam
1748
-11
THL
6:19 Loom
8:59 Feudal Age
10:31 Double-Bit Axe
22:38 Castle Age
20:57 Gold Mining
21:18 Fletching
21:49 Horse Collar
23:33 Bodkin Arrow
24:21 Bow Saw
23:33 Crossbowman
27:25 Scale Barding Armor
34:03 Wheelbarrow
33:44 Bloodlines
33:56 Chain Barding Armor
VN_Zko
6:22 Loom
6:27 Loom
9:15 Feudal Age
10:59 Man-at-Arms
12:00 Arson
13:35 Forging
14:36 Scale Mail Armor
22:18 Double-Bit Axe
22:15 Domestication
25:14 Castle Age
24:01 Fletching
24:12 Padded Archer Armor
25:24 Elite Skirmisher
26:08 Bodkin Arrow
26:19 Squires
27:05 Gambesons
27:51 Chain Mail Armor
27:15 Long Swordsman
29:12 Iron Casting
34:09 Bow Saw
38:17 Pastoralism
Connection lost

Rejoining the realm…

Still unreachable

The connection could not be restored.

Session expired

The server has moved on; the page needs a fresh start.